 Dungeon Crawl Stone Soup version 0.30-b1-2-g02819fbbbe (webtiles) character file.

Game seed: 8400672153685954779

14 Alarkh the Trooper (level 2, 20/24 HPs)
             Began as a Demonspawn Chaos Knight on May 21, 2023.
             Was a Plaything of Xom.
             Got out of the dungeon alive.
             The game lasted 00:00:06 (105 turns).

Alarkh the Trooper (Demonspawn Chaos Knight)         Turns: 105, Time: 00:00:07

Health: 20/24      AC:  5    Str: 12    XL:     2   Next: 27%
Magic:  2/2        EV: 11    Int: 13    God:    Xom [..*...]
Gold:   26         SH:  0    Dex: 12    Spells: 1/1 levels left

rFire   . .          .
                       - Unarmed
rCold   . . .        (no shield)
rNeg    . . .        a - +2 leather armour
rPois   .            (helmet restricted)
rElec   .            (no cloak)
rCorr   .            (no gloves)
SInv    .            (no boots)
Will    .....        (no amulet)
Stlth   +            (no ring)
HPRegen 0.24/turn    (no ring)
MPRegen 0.08/turn

%: no passive effects
@: invisible
A: antennae 1
a: Renounce Religion


You escaped.
You worshipped Xom.
You were a toy of Xom.
You visited 1 branch of the dungeon, and saw 1 of its levels.

You collected 26 gold pieces.

Inventory:

Armour
 a - a +2 leather armour (worn)
Scrolls
 c - a scroll of noise {unknown}
 d - a scroll of blinking {unknown}
 e - a scroll of immolation {unknown}
Miscellaneous
 b - a piece from Xom's chessboard (15/15) (quivered)


   Skills:
 + Level 3.1 Fighting
 - Level 1.7 Armour
 + Level 1.2 Dodging
 * Level 3.0 Unarmed Combat


You had one spell level left.
You didn't know any spells.
Your spell library was empty.

Dungeon Overview and Level Annotations

Branches:
Dungeon (1/15)

Altars:


Innate Abilities, Weirdness & Mutations

You have a pair of small antennae on your head.


Message History

The gnoll is heavily wounded.
The gnoll hits you with a +0 club.
You hit the gnoll.
The gnoll is heavily wounded.
The gnoll closely misses you.
You hit the gnoll.
The gnoll is almost dead.
The gnoll closely misses you.
You hit the gnoll.
The gnoll is almost dead.
You hit the gnoll.
You kill the gnoll!
The endoplasm freezes you.
Your Unarmed Combat skill increases to level 3!
You have reached level 2!
Your demonic ancestry asserts itself...
A pair of antennae grows on your head!
You barely miss the endoplasm.
The endoplasm hits you but does no damage.
You hit the endoplasm.
You kill the endoplasm!
No target in view!
No target in view!
No target in view!
No target in view!
No target in view!
No target in view!
No target in view!
No target in view!
No target in view!
No target in view!
No target in view!
Things that are here:
a +0 dagger; a goblin corpse
Found a scroll labelled HEOK XOOKKET.
Found a dagger.
HP restored.
There is a staircase leading out of the dungeon here.
Are you sure you want to leave the Dungeon?
This will make you lose the game!
You have escaped!

#..........................
#..........................
#..........................
#.................[........
#..........................
##.........##............###
..........#.............#...
.#.......#....#.........#..#
#......#..@##..........#..#
#......#...(..........#....
#......#.............#....#
#.......#..........##.....#
..........##......##..#.....
............######.........#
...)....... .............#
......... ...............
......... ...............


There were no monsters in sight!

Vanquished Creatures
  A gnoll (D:1)
  An endoplasm (D:1)
  A goblin (D:1)
  A hobgoblin (D:1)
4 creatures vanquished.

Notes
Turn   | Place    | Note
-------+----------+-------------------------------------------
     0 | D:1      | Alarkh the Demonspawn Chaos Knight began the quest for the
                  | Orb.
     0 | D:1      | Reached XP level 1. HP: 18/18 MP: 1/1
    69 | D:1      | Reached skill level 1 in Dodging
    71 | D:1      | XOM: potion effect (invisibility)
    78 | D:1      | Gained mutation: You have a pair of small antennae on your
                  | head. [demonic ancestry]
    78 | D:1      | Reached XP level 2. HP: 14/24 MP: 2/2
   105 | D:$      | Got out of the dungeon alive.

Illustrated notes

Levels and vault maps discovered:
D:1:      dpeg_arrival_solitude, layout_loops_cross,
          ebering_ecumenical_altar_petrified

Skill      XL: |  1 |
---------------+----+-----
Dodging        | 1 |  1.2
Unarmed Combat | 3 |  3.0
Fighting       | |  3.1
Armour         | |  1.7

Action                     || total
---------------------------++-------
  Melee: Unarmed           ||    17
 Armour: Leather armour    ||     4
  Dodge: Dodged            ||     8
